 Dungeon Crawl Stone Soup version 0.29.1-15-g9cfb28693d (webtiles) character file.

Game seed: 16786736381275027063

329 GeoRichter the Conjurer (level 6, 0/32 HPs)
             Began as a Deep Elf Conjurer on Apr 25, 2023.
             Killed by divine providence
             ... invoked by an orc priest
              (15 damage)
             ... on level 4 of the Dungeon.
             The game lasted 00:06:40 (4840 turns).

GeoRichter the Conjurer (Deep Elf Conjurer)         Turns: 4840, Time: 00:06:40

Health: 0/32       AC:  7    Str: 10    XL:     6   Next: 25%
Magic:  4/14       EV: 12    Int: 25    God:
Gold:   219        SH:  0    Dex: 16    Spells: 3/14 levels left

rFire   . . .      SeeInvis .   q - +2 dagger (speed)
rCold   + . .      Faith    .   (no shield)
rNeg    . . .      Spirit   .   a - +0 robe
rPois   .          Reflect  .   m - +0 helmet
rElec   +          Harm     .   (no cloak)
rCorr   .          Rampage  .   (no gloves)
Will    .....                   (no boots)
Stlth   +++.......              (no amulet)
HPRegen 0.10/turn               s - +4 ring of protection
MPRegen 0.14/turn               k - ring "Mavazupp" {Fly rElec rC+ Str+6 Dex+3}

@: flying
A: no striking features
a: no special abilities


You were on level 4 of the Dungeon.
You visited 1 branch of the dungeon, and saw 4 of its levels.

You collected 219 gold pieces.

Inventory:

Hand Weapons
 q - a +2 dagger of speed (weapon)
   (You took it off a goblin on level 3 of the Dungeon)
Armour
 a - a +0 robe (worn)
 m - a +0 helmet (worn)
   (You found it on level 2 of the Dungeon)
Jewellery
 f - a ring of resist corrosion
   (You found it on level 1 of the Dungeon)
 k - the ring "Mavazupp" (right hand) {Fly rElec rC+ Str+6 Dex+3}
   (You found it on level 2 of the Dungeon)

   [ring of strength]

   Str:       It affects your strength (+6).
   Dex:       It affects your dexterity (+3).
   rC:        It protects you from cold.
   rElec:     It insulates you from electricity.
   Fly:       It grants you flight.
 s - a +4 ring of protection (left hand)
   (You found it on level 4 of the Dungeon)
Scrolls
 c - a scroll of immolation {unknown}
 d - a scroll of brand weapon {unknown}
 e - 6 scrolls of identify {unknown}
 i - a scroll of enchant weapon {unknown}
 o - a scroll of teleportation {unknown}
 p - a scroll of enchant armour {unknown}
 r - a scroll of fear {unknown}
Potions
 b - a potion of magic
 g - 2 potions of mutation {unknown}
 h - 2 potions of brilliance {unknown}
 j - 3 potions of curing {unknown}
 l - a potion of degeneration {unknown}
 n - 3 potions of heal wounds {unknown}
 t - a potion of haste {unknown}
 u - a potion of resistance {unknown}


   Skills:
 - Level 2.4 Dodging
 - Level 5.0 Stealth
 - Level 4.6 Spellcasting
 * Level 6.6 Conjurations
 + Level 1.4 Hexes


You had 3 spell levels left.
You knew the following spells:

 Your Spells              Type           Power      Damage    Failure   Level
a - Magic Dart            Conj           100%       1d8       1%          1
b - Searing Ray           Conj           76%        2d7       1%          2
c - Fulminant Prism       Conj/Hex       13%        3d9       16%         4
d - Iskenderun's Mystic   Conj/Tloc      22%        2d6       22%         4

Your spell library contained the following spells:

 Spells                   Type           Power      Damage    Failure   Level
 Shock                    Conj/Air       88%        1d8       2%          1
 Dazzling Flash           Conj/Hex       52%        N/A       4%          3
 Swiftness                Air            5%         N/A       26%         3
 Airstrike                Air            2%         2d(1-17)  65%         4


Dungeon Overview and Level Annotations

Branches:
Dungeon (4/15) Zot: 19163
 Temple: D:4-7

Altars:
Qazlal

Annotations:
D:3 Grinder, Ijyb


Message History

The magic dart hits the dart slug.
The dart slug launches a dart at you.
The slug dart hits you but does no damage.
The magic dart hits the dart slug.
The magic dart hits the dart slug!
You kill the dart slug!
You can't see any susceptible monsters within range! (Use Z to cast anyway.)
There is a stone staircase leading up here.
There is a stone staircase leading down here.
An orc comes into view. It is wielding a +0 whip.
An orc is nearby!
An orc is nearby!
An orc is nearby!
The magic dart hits the orc.
The orc shouts!
An orc wizard comes into view. It is wielding a +1 dagger of pain.
The magic dart hits the orc.
The orc wizard shouts!
An orc priest comes into view. It is wielding a +0 short sword.
The magic dart hits the orc.
The orc priest shouts!
The magic dart hits the orc.
You kill the orc!
An orc comes into view. It is wielding a +0 dagger.
The magic dart hits the orc wizard but does no damage.
The orc shouts!
The orc wizard casts a spell.
The orc wizard flickers and vanishes!
Deactivating autopickup; reactivate with Ctrl-A.
You can't see any susceptible monsters within range! (Use Z to cast anyway.) Unknown command.
The magic dart hits something.
An orc comes into view. It is wielding a +0 club.
Aim: an orc priest, wielding a +0 short sword and wearing a +0 ring mail (83% to hit)
The searing ray hits something.
The searing ray hits the orc priest. (Press . to maintain the ray.)
The searing ray hits the orc priest.
The searing ray hits the orc priest.
The searing ray hits the orc!
You kill the orc!
Something hits you.
The orc priest calls down the wrath of Beogh upon you.
Beogh smites you!
The searing ray hits something.
The searing ray hits the orc priest but does no damage.
You finish channelling your searing ray.
Something hits you.
* * * LOW HITPOINT WARNING * * *
The orc priest invokes the aid of Beogh against you.
Beogh smites you!
You die...

#..#....<.##.# #.#
#..#.###...... #.#
#....# #...... #.#
##.#.###.##### #o#
###.....###.. #.#
###.......# #o#
#..###### #{# #..# #.
#@########..#####.
###.................
#..........#####.######
############ #.######
#....... ########


You could see an orc priest and an orc.

Vanquished Creatures
  A jelly (D:4)
  Jessica (D:2)
  Robin (D:2)
  8 gnolls (D:2)
  4 adders
  An ufetubus (D:4)
  5 dart slugs
  7 orcs
  9 endoplasms
  4 giant cockroaches
  21 goblins
  19 hobgoblins
  10 kobolds
  3 quokkas
  8 ball pythons
  7 bats
  3 frilled lizards
  5 rats
117 creatures vanquished.

Notes
Turn   | Place    | Note
-------+----------+-------------------------------------------
     0 | D:1      | GeoRichter the Deep Elf Conjurer began the quest for the
                  | Orb.
     0 | D:1      | Reached XP level 1. HP: 10/10 MP: 6/6
   225 | D:1      | Reached XP level 2. HP: 15/15 MP: 6/8
   586 | D:1      | Learned a level 2 spell: Searing Ray
   643 | D:1      | Found a faded altar of an unknown god.
   693 | D:1      | Reached XP level 3. HP: 19/19 MP: 7/9
   912 | D:1      | Reached skill level 5 in Stealth
  1527 | D:2      | Identified the ring "Mavazupp" {Fly rElec rC+ Str+6 Dex+3}
  1692 | D:2      | Noticed Jessica
  1694 | D:2      | Killed Jessica
  1695 | D:2      | Reached skill level 5 in Conjurations
  1695 | D:2      | Reached XP level 4. HP: 24/24 MP: 6/11
  2127 | D:2      | Reached XP level 5. HP: 28/28 MP: 5/13
  2542 | D:2      | Noticed Robin
  2674 | D:2      | Killed Robin
  2681 | D:2      | Reached skill level 6 in Conjurations
  3133 | D:3      | Learned a level 4 spell: Fulminant Prism
  3138 | D:3      | Learned a level 4 spell: Iskenderun's Mystic Blast
  3562 | D:3      | Noticed Ijyb
  3719 | D:3      | Reached XP level 6. HP: 28/32 MP: 9/14
  3872 | D:3      | Noticed Grinder
  4258 | D:4      | Reached skill level 1 in Hexes
  4299 | D:4      | Found a stormy altar of Qazlal.
  4840 | D:4      | Killed from afar by an orc priest

Illustrated notes

Levels and vault maps discovered:
D:1:      dpeg_arrival_simpleton_a, layout_loops_ring,
          shapermc_ecumenical_altar_mp_highgroup, grunt_decor_fettered,
          minmay_small_reverse_x
D:2:      cheibrodos_greedy_goblins, layout_loops_ring, minmay_misc_feat_five,
          uniq_robin, uniq_jessica
D:3:      layout_loops_ring, serial_rivers, chequers_serial_rivers_small_3,
          chequers_serial_rivers_micro_c, chequers_serial_rivers_small_3,
          chequers_serial_rivers_room_a, chequers_serial_rivers_marsh,
          uniq_ijyb, uniq_grinder
D:4:      layout_loops_ring, mainiacjoe_overflow_swirl,
          mainiacjoe_overflow_paths, grunt_decor_one_mirror, st_stairs_9,
          kennysheep_generic_room_16

Skill      XL: |  1  2  3  4  5  6 |
---------------+-------------------+-----
Stealth        | 3 4 5 |  5.0
Conjurations   | 5 6 |  6.6
Spellcasting   | 4 |  4.6
Hexes          | 1 |  1.4
Dodging        | |  2.4

Action                   |  1- 3 |  4- 6 || total
-------------------------+-------+-------++-------
Melee: Dagger            |       |     2 ||     2
 Cast: Magic Dart        |    82 |   110 ||   192
       Searing Ray       |     1 |    12 ||    13
Armor: Robe              |     1 |     3 ||     4
Dodge: Dodged            |     7 |    12 ||    19
